PAA
CASPER GHOSTS @ SPRINGFIELD SHOOTERS
08/25/2034
 
TOP OF THE 1ST
Casper Ghosts batting - Pitching for Springfield Shooters : LHP César Villanueva
Pitching: LHP César Villanueva
Batting: RHB Armando Pacheco 0-0: Called Strike
0-1: Ball
1-1: Foul Ball, location: 2F
1-2: Ball
2-2: Ball
3-2: Base on Balls
Batting: RHB Steve Weber 0-0: Fly out, F3 (Popup, 34S)
Batting: RHB Jur Prokop 0-0: Ball
1-0: Fly out, F4 (Popup, 4)
Batting: RHB Jeff Mouton 0-0: Swinging Strike
0-1: Foul Ball, location: 2F
0-2: Ball
1-2: Ball
2-2: Ball
Armando Pacheco steals 2nd base
3-2: Fly out, F7 (Flyball, 78M)
Top of the 1st over - 0 runs, 0 hits, 0 errors, 1 left on base; Casper 0 - Springfield 0
BOTTOM OF THE 1ST
Springfield Shooters batting - Pitching for Casper Ghosts : RHP Tim Sharp
Pitching: RHP Tim Sharp
Batting: LHB Henk van Aardschot 0-0: Ball
1-0: Ball
2-0: Ball
3-0: Called Strike
3-1: Ground out 4-3 (Groundball, 4)
Batting: RHB Lev Migranov 0-0: Swinging Strike
0-1: Ball
1-1: Foul Ball, location: 2F
1-2: Foul Ball, location: 2F
1-2: Ground out 6-3 (Groundball, 6)
Batting: LHB Jared Swanson 0-0: Swinging Strike
0-1: Swinging Strike
0-2: Foul Ball, location: 2F
0-2: Strikes out swinging
Bottom of the 1st over - 0 runs, 0 hits, 0 errors, 0 left on base; Casper 0 - Springfield 0
TOP OF THE 2ND
Casper Ghosts batting - Pitching for Springfield Shooters : LHP César Villanueva
Batting: LHB Marcus Shill 0-0: Ball
1-0: Swinging Strike
1-1: Called Strike
1-2: Ball
2-2: Strikes out looking
Batting: LHB Badry Maksimenov 0-0: Called Strike
0-1: Ball
1-1: Fly out, F8 (Flyball, 8RD)
Batting: RHB Adrijan Markovski 0-0: Called Strike
0-1: Fly out, F8 (Flyball, 8LD)
Top of the 2nd over - 0 runs, 0 hits, 0 errors, 0 left on base; Casper 0 - Springfield 0
BOTTOM OF THE 2ND
Springfield Shooters batting - Pitching for Casper Ghosts : RHP Tim Sharp
Batting: RHB Karl Wade 0-0: Foul Ball, location: 2F
0-1: Swinging Strike
0-2: Ball
1-2: Fly out, F7 (Line Drive, 7)
Batting: RHB Fook Zhŕo 0-0: Ground out 5-3 (Groundball, 56S)
Batting: RHB Sébastien Bernard 0-0: Ball
1-0: Foul Ball, location: 2F
1-1: DOUBLE (Line Drive, 7D)
Batting: RHB Mei Kim 0-0: Ball
1-0: Fly out, F7 (Flyball, 7)
Bottom of the 2nd over - 0 runs, 1 hit, 0 errors, 1 left on base; Casper 0 - Springfield 0
TOP OF THE 3RD
Casper Ghosts batting - Pitching for Springfield Shooters : LHP César Villanueva
Batting: RHB José Reyes 0-0: Ball
1-0: Ball
2-0: Ball
3-0: Called Strike
3-1: SINGLE (Groundball, 34D)
Batting: RHB Tatsui Kiyomizu 0-0: Ball
1-0: Foul Ball, location: 2F
1-1: SINGLE (Flyball, 9LS)
José Reyes to second
Runner from 2nd tries for 3rd, SAFE, no throw
Batting: RHB Armando Pacheco 0-0: Fielders Choice at 2nd, 6-4 (Groundball, 6)
José Reyes scores
Batting: RHB Steve Weber 0-0: Foul Ball, location: 2F
0-1: Ball
1-1: Ball
2-1: Foul Ball, location: 2F
2-2: Grounds into double play, 6-4-3 (Groundball, 56)
Top of the 3rd over - 1 run, 2 hits, 0 errors, 0 left on base; Casper 1 - Springfield 0
BOTTOM OF THE 3RD
Springfield Shooters batting - Pitching for Casper Ghosts : RHP Tim Sharp
Batting: RHB Fletcher Megarity 0-0: Ball
1-0: Ball
2-0: Ball
3-0: Called Strike
3-1: Foul Ball, location: 2F
3-2: Base on Balls
Batting: RHB Nestor Tantoco 0-0: Fly out, F6 (Line Drive, 56D)
Batting: LHB Henk van Aardschot 0-0: Ball
1-0: Foul Ball, location: 2F
1-1: Ball
2-1: Called Strike
2-2: Fly out, F8 (Line Drive, 8RM)
Batting: RHB Lev Migranov 0-0: Fly out, F8 (Flyball, 8LM)
Bottom of the 3rd over - 0 runs, 0 hits, 0 errors, 1 left on base; Casper 1 - Springfield 0
TOP OF THE 4TH
Casper Ghosts batting - Pitching for Springfield Shooters : LHP César Villanueva
Batting: RHB Jur Prokop 0-0: Called Strike
0-1: Ball
1-1: TRIPLE (Groundball, 3L)
Batting: RHB Jeff Mouton 0-0: Ball
1-0: Called Strike
1-1: SINGLE (Groundball, 6MD)
Jur Prokop scores
Batting: LHB Marcus Shill 0-0: Ball
1-0: Foul Ball, location: 2F
1-1: Ball
2-1: Swinging Strike
2-2: Foul Ball, location: 2F
2-2: Foul Ball, location: 2F
2-2: Fly out, F9 (Flyball, 89M)
Batting: LHB Badry Maksimenov 0-0: Ball
1-0: Ball
2-0: Swinging Strike
2-1: Foul Ball, location: 2F
2-2: Ball
3-2: Foul Ball, location: 2F
3-2: Foul Ball, location: 2F
3-2: Foul Ball, location: 2F
3-2: Base on Balls
Jeff Mouton to second
Batting: RHB Adrijan Markovski 0-0: Fly out, F8 (Flyball, 8RS)
Batting: RHB José Reyes 0-0: Called Strike
0-1: Called Strike
0-2: Ball
1-2: Foul Ball, location: 2F
1-2: Ball
2-2: Strikes out swinging
Top of the 4th over - 1 run, 2 hits, 0 errors, 2 left on base; Casper 2 - Springfield 0
BOTTOM OF THE 4TH
Springfield Shooters batting - Pitching for Casper Ghosts : RHP Tim Sharp
Batting: LHB Jared Swanson 0-0: SOLO HOME RUN (Line Drive, 9D), Distance : 368 ft
Batting: RHB Karl Wade 0-0: Ball
1-0: Foul Ball, location: 2F
1-1: Ground out 4-3 (Groundball, 4)
Batting: RHB Fook Zhŕo 0-0: Ball
1-0: Ball
2-0: SOLO HOME RUN (Line Drive, 7LD), Distance : 367 ft
Batting: RHB Sébastien Bernard 0-0: Ball
1-0: SINGLE (Groundball, 56D)
Batting: RHB Mei Kim 0-0: Called Strike
0-1: Ball
1-1: Swinging Strike
1-2: Foul Ball, location: 2F
1-2: Ball
2-2: Ground out 4-3 (Groundball, 34)
Sébastien Bernard to second
Batting: RHB Fletcher Megarity 0-0: Called Strike
0-1: Ball
1-1: Reached on error, E5 (Groundball, 5S)
Sébastien Bernard to third
Batting: RHB Nestor Tantoco 0-0: Called Strike
0-1: Foul Ball, location: 2F
0-2: Foul Ball, location: 2F
0-2: Fly out, F6 (Popup, 6M)
Bottom of the 4th over - 2 runs, 3 hits, 1 error, 2 left on base; Casper 2 - Springfield 2
TOP OF THE 5TH
Casper Ghosts batting - Pitching for Springfield Shooters : LHP César Villanueva
Batting: RHB Tatsui Kiyomizu 0-0: Fly out, F4 (Popup, 4)
Batting: RHB Armando Pacheco 0-0: Called Strike
0-1: Ball
1-1: Ball
2-1: Ball
3-1: Base on Balls
Batting: RHB Steve Weber 0-0: Ground out 4-3 (Groundball, 34)
Armando Pacheco to second
Batting: RHB Jur Prokop 0-0: Called Strike
0-1: Called Strike
0-2: SINGLE (Flyball, 89S)
Armando Pacheco to third
Runner from 3rd tries for Home, throw and OUT!
Top of the 5th over - 0 runs, 1 hit, 0 errors, 1 left on base; Casper 2 - Springfield 2
BOTTOM OF THE 5TH
Springfield Shooters batting - Pitching for Casper Ghosts : RHP Tim Sharp
Batting: LHB Henk van Aardschot 0-0: Ball
1-0: Ball
2-0: Ball
3-0: Called Strike
3-1: Ground out 4-3 (Groundball, 4MS)
Batting: RHB Lev Migranov 0-0: Ball
1-0: Foul Ball, location: 2F
1-1: Ball
2-1: Ball
3-1: Base on Balls
Batting: LHB Jared Swanson 0-0: Ball
1-0: Called Strike
Lev Migranov steals 2nd base
1-1: Called Strike
1-2: Foul Ball, location: 2F
1-2: Foul Ball, location: 2F
1-2: Ball
2-2: Ball
3-2: Base on Balls
Batting: RHB Karl Wade 0-0: Called Strike
0-1: Ball
1-1: Foul Ball, location: 2F
1-2: Strikes out swinging
Batting: RHB Fook Zhŕo 0-0: Foul Ball, location: 2F
0-1: Called Strike
0-2: Ball
1-2: Ball
Wild Pitch!
Lev Migranov to third
Jared Swanson to second
2-2: Ball
3-2: Base on Balls
Batting: RHB Sébastien Bernard 0-0: Ball
1-0: Fly out, F8 (Flyball, 8RM)
Bottom of the 5th over - 0 runs, 0 hits, 0 errors, 3 left on base; Casper 2 - Springfield 2
TOP OF THE 6TH
Casper Ghosts batting - Pitching for Springfield Shooters : LHP César Villanueva
Batting: RHB Jeff Mouton 0-0: SINGLE (Line Drive, 5D)
Batting: LHB Marcus Shill 0-0: Ball
1-0: Fly out, F9 (Flyball, 9D)
Batting: LHB Badry Maksimenov 0-0: Foul Ball, location: 2F
0-1: Ball
1-1: Foul Ball, location: 2F
1-2: Strikes out swinging
Batting: RHB Adrijan Markovski 0-0: Ball
1-0: Ball
2-0: Swinging Strike
2-1: Ball
3-1: Fielders Choice at 2nd, 6-4 (Groundball, 56)
Top of the 6th over - 0 runs, 1 hit, 0 errors, 1 left on base; Casper 2 - Springfield 2
BOTTOM OF THE 6TH
Springfield Shooters batting - Pitching for Casper Ghosts : RHP Tim Sharp
Batting: RHB Mei Kim 0-0: Ball
1-0: Ball
2-0: SINGLE (Groundball, 56D)
Batting: RHB Fletcher Megarity 0-0: Ball
1-0: SINGLE (Groundball, 6MD)
Mei Kim to second
Runner from 2nd tries for 3rd, SAFE, no throw
Batting: RHB Nestor Tantoco 0-0: SINGLE (Line Drive, 89M)
Mei Kim scores
Fletcher Megarity to second
Batting: LHB Henk van Aardschot 0-0: Ball
1-0: Foul Ball, location: 2F
1-1: Ball
2-1: Ball
3-1: Base on Balls
Fletcher Megarity to third
Nestor Tantoco to second
Batting: RHB Lev Migranov 0-0: Called Strike
0-1: Foul Ball, location: 2F
0-2: SINGLE (Flyball, 89S)
Fletcher Megarity scores
Nestor Tantoco to third
Henk van Aardschot to second
Pitching: LHP Liangde Chien
Batting: LHB Jared Swanson 0-0: Called Strike
0-1: Ball
1-1: Ball
2-1: Grounds into fielders choice 6-2 (Groundball, 6MS)
Henk van Aardschot to third
Lev Migranov to second
Batting: RHB Karl Wade 0-0: Called Strike
0-1: Ball
1-1: Ball
2-1: Reached on error, E4 (Groundball, 4)
Henk van Aardschot scores
Lev Migranov to third
Jared Swanson to second
Batting: RHB Fook Zhŕo 0-0: Called Strike
0-1: Grounds into double play, 5-2-3 (Groundball, 56)
Bottom of the 6th over - 3 runs, 4 hits, 1 error, 2 left on base; Casper 2 - Springfield 5
TOP OF THE 7TH
Casper Ghosts batting - Pitching for Springfield Shooters : LHP César Villanueva
Pitching: LHP Gilberto Chávez
Batting: RHB José Reyes 0-0: Called Strike
0-1: Ball
1-1: Ball
2-1: Ball
3-1: Called Strike
3-2: Base on Balls
Batting: RHB Tatsui Kiyomizu 0-0: Swinging Strike
0-1: Swinging Strike
0-2: Ball
1-2: Strikes out swinging
Batting: RHB Armando Pacheco 0-0: Ball
1-0: Ball
José Reyes steals 2nd base
2-0: Foul Ball, location: 2F
2-1: Ball
3-1: Called Strike
3-2: Foul Ball, location: 2F
3-2: Fly out, F4 (Flyball, 4MD)
Batting: RHB Steve Weber 0-0: Called Strike
0-1: Ball
1-1: Ball
2-1: Ball
3-1: Base on Balls
Batting: RHB Jur Prokop 0-0: Called Strike
0-1: Ball
1-1: Swinging Strike
1-2: Strikes out swinging
Top of the 7th over - 0 runs, 0 hits, 0 errors, 2 left on base; Casper 2 - Springfield 5
BOTTOM OF THE 7TH
Springfield Shooters batting - Pitching for Casper Ghosts : LHP Liangde Chien
Batting: RHB Sébastien Bernard 0-0: Fly out, F9 (Line Drive, 9)
Batting: RHB Mei Kim 0-0: Fly out, F1 (Line Drive, 15)
Batting: RHB Fletcher Megarity 0-0: Ball
1-0: Ball
2-0: Foul Ball, location: 2F
2-1: Foul Ball, location: 2F
2-2: Foul Ball, location: 2F
2-2: Ball
3-2: Base on Balls
Batting: RHB Nestor Tantoco 0-0: Fielders Choice at 2nd, 5-4 (Groundball, 56)
Bottom of the 7th over - 0 runs, 0 hits, 0 errors, 1 left on base; Casper 2 - Springfield 5
TOP OF THE 8TH
Casper Ghosts batting - Pitching for Springfield Shooters : LHP Gilberto Chávez
Batting: RHB Jeff Mouton 0-0: Ball
1-0: Foul Ball, location: 2F
1-1: Ground out 5-3 (Groundball, 56S)
Batting: LHB Marcus Shill 0-0: Fly out, F6 (Popup, 6S)
Batting: LHB Badry Maksimenov 0-0: Called Strike
0-1: Foul Ball, location: 2F
0-2: Ball
1-2: SINGLE (Groundball, 34D)
Batting: RHB Adrijan Markovski 0-0: Ball
1-0: Called Strike
1-1: SINGLE (Line Drive, 8LS)
Badry Maksimenov to second
Batting: RHB José Reyes 0-0: Ball
1-0: Fly out, F8 (Flyball, 8RD)
Top of the 8th over - 0 runs, 2 hits, 0 errors, 2 left on base; Casper 2 - Springfield 5
BOTTOM OF THE 8TH
Springfield Shooters batting - Pitching for Casper Ghosts : LHP Liangde Chien
Batting: LHB Henk van Aardschot 0-0: Ball
1-0: Ball
2-0: Called Strike
2-1: SINGLE (Line Drive, 9S)
Batting: RHB Lev Migranov 0-0: Ball
1-0: Ball
2-0: Ball
3-0: Foul Ball, location: 2F
3-1: Base on Balls
Henk van Aardschot to second
Batting: LHB Jared Swanson 0-0: Called Strike
0-1: Ball
1-1: Foul Ball, location: 2F
1-2: Ball
2-2: Foul Ball, location: 2F
2-2: Fielders Choice at 2nd, 4-6 (Groundball, 4)
Henk van Aardschot to third
Batting: RHB Karl Wade 0-0: Ball
1-0: SINGLE (Line Drive, 9S)
Henk van Aardschot scores
Jared Swanson to second
Batting: RHB Fook Zhŕo 0-0: Ball
1-0: Ball
Wild Pitch!
Jared Swanson to third
Karl Wade to second
2-0: Intentional Walk
Batting: RHB Sébastien Bernard 0-0: SINGLE (Line Drive, 6M)
Jared Swanson scores
Karl Wade to third
Fook Zhŕo to second
Batting: RHB Mei Kim 0-0: Ball
1-0: Ball
2-0: Ball
3-0: Base on Balls
Karl Wade scores
Fook Zhŕo to third
Sébastien Bernard to second
Pitching: RHP Eddie Attoehow
Batting: RHB Fletcher Megarity 0-0: Ball
1-0: Swinging Strike
1-1: Swinging Strike
1-2: Ball
2-2: Strikes out swinging
Batting: RHB Nestor Tantoco 0-0: Foul Ball, location: 2F
0-1: Ball
1-1: Ball
2-1: Fielders Choice at 2nd, 6-4 (Groundball, 6D)
Bottom of the 8th over - 3 runs, 3 hits, 0 errors, 3 left on base; Casper 2 - Springfield 8
TOP OF THE 9TH
Casper Ghosts batting - Pitching for Springfield Shooters : LHP Gilberto Chávez
Now at 1B: Janghyun Yi
Batting: RHB Tatsui Kiyomizu 0-0: Ground out 4-3 (Groundball, 4)
Batting: RHB Armando Pacheco 0-0: Called Strike
0-1: Ball
1-1: Foul Ball, location: 2F
1-2: Ball
2-2: Foul Ball, location: 2F
2-2: Strikes out looking
Batting: RHB Steve Weber 0-0: Ball
1-0: Ball
2-0: Foul Ball, location: 2F
2-1: Ball
3-1: Base on Balls
Batting: RHB Jur Prokop 0-0: Foul Ball, location: 2F
0-1: Ball
1-1: DOUBLE (Flyball, 8RXD)
Steve Weber to third
Batting: RHB Jeff Mouton 0-0: Ball
1-0: Called Strike
1-1: Ground out U3 (Groundball, 3)
Top of the 9th over - 0 runs, 1 hit, 0 errors, 2 left on base; Casper 2 - Springfield 8
Friday, March 29th, 2019 - OOTP Baseball 18.8 Build 76